[Event "Centenario Panaderia Pulido 2023"]
[Site "San Mateo Gran Canaria"]
[Date "2023.12.07"]
[Round "6.14"]
[White "Garcia Rodriguez, Adriana"]
[Black "Guerrero Orihuela, Jose Luis"]
[Result "1/2-1/2"]
[ECO "B22"]
[WhiteElo "1659"]
[BlackElo "1901"]
[Annotator "RC"]
[PlyCount "106"]
[EventDate "2023.12.04"]
[EventType "swiss"]
[EventCountry "ESP"]
[SourceTitle "playchess.com"]
[Source "ChessBase"]
[SourceQuality "1"]
[TimeControl "5400+30"]

1. e4 c5 2. c3 Nf6 3. e5 Nd5 4. d4 cxd4 5. Nf3 d6 6. cxd4 Nc6 7. Bc4 dxe5 8. dxe5 Nb6 9. Qxd8+ Nxd8 10. Bb3 g6 11. Nc3 Bg7 12. O-O O-O 13. a4 Bg4 14. Bf4 Nd7 15. Rad1 Nc5 16. Ba2 Nc6 17. Rfe1 Rad8 18. Bd5 Nb4 19. Bc4 Nbd3 20. Bxd3 Nxd3 21. Re4 Bxf3 22. gxf3 Nxf4 23. Rxf4 Rxd1+ 24. Nxd1 Bxe5 25. Rb4 Rd8 26. Ne3 b6 27. a5 Bd4 28. Nc4 Bc5 29. Rb3 bxa5 30. Rb5 Rd5 31. Rxa5 e6 32. Ra4 Rd1+ 33. Kg2 Rc1 34. Na3 Ra1 35. Ra5 Bb6 36. Rb5 Re1 37. Nc4 Bd4 38. Rb8+ Kg7 39. Nd6 Be5 40. Ne8+ Kh6 41. Rb7 Ra1 42. Rb5 Bd4 43. Nd6 Kg7 44. Rb7 Rb1 45. Rxf7+ Kg8 46. Rd7 Rxb2 47. Ne4 Rb4 48. Ng5 Bf6 49. Nxh7 Bh4 50. Rxa7 Rd4 51. Kh3 Bd8 52. Kg3 Bh4+ 53. Kh3 Bd8 1/2-1/2

[Event "Centenario Panaderia Pulido 2023"]
[Site "San Mateo Gran Canaria"]
[Date "2023.12.07"]
[Round "6.15"]
[White "Basualdo De Ornelas, Jorge"]
[Black "Garbezza, Davide"]
[Result "1/2-1/2"]
[ECO "B12"]
[WhiteElo "1624"]
[BlackElo "1860"]
[Annotator "NA RC"]
[PlyCount "109"]
[EventDate "2023.12.04"]
[EventType "swiss"]
[EventCountry "ESP"]
[SourceTitle "playchess.com"]
[Source "ChessBase"]
[SourceQuality "1"]
[TimeControl "5400+30"]

1. e4 c6 2. d4 d5 3. e5 c5 4. dxc5 e6 5. c3 Bxc5 6. Qg4 Bf8 7. Nf3 Ne7 8. Bd3 Ng6 9. O-O Nc6 10. Re1 Qc7 11. Qg3 a6 12. h4 Bd7 13. h5 Nge7 14. Bf4 Na5 15. Nbd2 Nc4 16. Bxc4 dxc4 17. Ne4 Nf5 18. Qh2 Bc6 19. Nd6+ Bxd6 20. exd6 Qd8 21. Rad1 O-O 22. Nd4 Nxd4 23. Rxd4 Bd5 24. Qg3 f6 25. Bh6 Rf7 26. Rg4 Qd7 27. Be3 Kh8 28. h6 g6 29. Bd4 Rd8 30. Qf4 e5 31. Rxe5 Be6 32. Rg3 Qxd6 33. Re4 Qxf4 34. Rxf4 Bf5 35. Re3 Rdf8 36. g4 Bd3 37. g5 Kg8 38. Bxf6 Rd7 39. Rd4 Rxd4 40. cxd4 Rf7 41. Re8+ Rf8 42. Re3 Rf7 43. Kh2 Rd7 44. Kg3 Kf7 45. Kf4 Bb1 46. Ke5 Bxa2 47. d5 c3 48. bxc3 Rxd5+ 49. Kf4 Rd7 50. Kg3 Bc4 51. f4 a5 52. Kf3 a4 53. Re1 a3 54. Bd4 b5 55. Ke4 $19 1/2-1/2

[Event "Centenario Panaderia Pulido 2023"]
[Site "San Mateo Gran Canaria"]
[Date "2023.12.08"]
[Round "7.1"]
[White "Kurajica, Bojan"]
[Black "Korneev, Oleg"]
[Result "1/2-1/2"]
[ECO "A05"]
[WhiteElo "2446"]
[BlackElo "2470"]
[Annotator "RC"]
[PlyCount "21"]
[EventDate "2023.12.04"]
[EventType "swiss"]
[EventCountry "ESP"]
[SourceTitle "playchess.com"]
[Source "ChessBase"]
[SourceQuality "1"]
[TimeControl "5400+30"]

1. b3 c5 2. Bb2 Nc6 3. Nf3 e6 4. g3 Nf6 5. Bg2 d5 6. O-O Be7 7. e3 O-O 8. d3 b6 9. Nbd2 Bb7 10. Ne5 Nxe5 11. Bxe5 1/2-1/2

[Event "Centenario Panaderia Pulido 2023"]
[Site "San Mateo Gran Canaria"]
[Date "2023.12.08"]
[Round "7.2"]
[White "Larino Nieto, David"]
[Black "Strikovic, Aleksa"]
[Result "1/2-1/2"]
[ECO "D35"]
[WhiteElo "2366"]
[BlackElo "2455"]
[Annotator "RC"]
[PlyCount "26"]
[EventDate "2023.12.04"]
[EventType "swiss"]
[EventCountry "ESP"]
[SourceTitle "playchess.com"]
[Source "ChessBase"]
[SourceQuality "1"]
[TimeControl "5400+30"]

1. d4 d5 2. c4 e6 3. Nc3 Nf6 4. cxd5 exd5 5. Bf4 Bd6 6. Bxd6 Qxd6 7. e3 Bf5 8. Bd3 Bxd3 9. Qxd3 c6 10. Nf3 Nbd7 11. O-O O-O 12. Nd2 Ne4 13. Nf3 Nb8 1/2-1/2

[Event "Centenario Panaderia Pulido 2023"]
[Site "San Mateo Gran Canaria"]
[Date "2023.12.08"]
[Round "7.3"]
[White "Oudeh Mishmesh, Omar"]
[Black "Yao, Stefano"]
[Result "1/2-1/2"]
[ECO "C09"]
[WhiteElo "2247"]
[BlackElo "2288"]
[Annotator "RC"]
[PlyCount "47"]
[EventDate "2023.12.04"]
[EventType "swiss"]
[EventCountry "ESP"]
[SourceTitle "playchess.com"]
[Source "ChessBase"]
[SourceQuality "1"]
[TimeControl "5400+30"]

1. e4 e6 2. d4 d5 3. Nd2 c5 4. exd5 exd5 5. Ngf3 Nc6 6. Bb5 Qe7+ 7. Be2 Qc7 8. O-O Nf6 9. Re1 cxd4 10. Nb3 Bb4 11. Bd2 Bxd2 12. Qxd2 O-O 13. Bd3 Bg4 14. Nfxd4 Rad8 15. h3 Bd7 16. Nxc6 Bxc6 17. Nd4 h6 18. c3 Rfe8 19. Rxe8+ Rxe8 20. Re1 Re5 21. Rxe5 Qxe5 22. Qe2 Qxe2 23. Bxe2 Kf8 24. Bd3 1/2-1/2

[Event "Centenario Panaderia Pulido 2023"]
[Site "San Mateo Gran Canaria"]
[Date "2023.12.08"]
[Round "7.4"]
[White "Calzetta Ruiz, Monica"]
[Black "Doluhanova, Evgeniya"]
[Result "0-1"]
[ECO "C67"]
[WhiteElo "2239"]
[BlackElo "2177"]
[Annotator "RC"]
[PlyCount "118"]
[EventDate "2023.12.04"]
[EventType "swiss"]
[EventCountry "ESP"]
[SourceTitle "playchess.com"]
[Source "ChessBase"]
[SourceQuality "1"]
[TimeControl "5400+30"]

1. e4 e5 2. Nf3 Nc6 3. Bb5 Nf6 4. O-O Nxe4 5. Re1 Nd6 6. Nxe5 Be7 7. Bf1 Nxe5 8. Rxe5 O-O 9. d4 Bf6 10. Bd3 g6 11. Bh6 Bg7 12. Bxg7 Kxg7 13. Nc3 Ne8 14. Qf3 d6 15. Re3 Nf6 16. Rae1 c6 17. h3 Be6 18. Qg3 Qb6 19. Qxd6 Rad8 20. Qc5 Rxd4 21. Qe5 Re8 22. Ne4 Qd8 23. g4 h6 24. f4 Bxa2 25. Qxf6+ Qxf6 26. Nxf6 Rxe3 27. Rxe3 Kxf6 28. f5 Bc4 29. fxg6 fxg6 30. Be4 Kg5 31. Re1 Rd2 32. b3 Bd5 33. Bxd5 cxd5 34. Re7 Rxc2 35. Rxb7 Rb2 36. Rxa7 Rxb3 37. Rd7 Rxh3 38. Rxd5+ Kxg4 39. Rd4+ Kf5 40. Ra4 g5 41. Ra6 g4 42. Kg2 Kg5 43. Ra5+ Kh4 44. Rb5 Rg3+ 45. Kh2 Ra3 46. Rb2 h5 47. Kg2 Ra5 48. Rc2 Kg5 49. Rb2 h4 50. Rc2 h3+ 51. Kh2 Kh4 52. Rc1 Ra2+ 53. Kh1 g3 54. Rc4+ Kg5 55. Rc1 Rd2 56. Ra1 Kf4 57. Rf1+ Ke3 58. Re1+ Kf2 59. Ra1 Ke2 0-1

[Event "Centenario Panaderia Pulido 2023"]
[Site "San Mateo Gran Canaria"]
[Date "2023.12.08"]
[Round "7.5"]
[White "Gimenez Menchon, Cesar"]
[Black "Hernando Rodrigo, Jose Maria"]
[Result "0-1"]
[ECO "B07"]
[WhiteElo "2088"]
[BlackElo "2278"]
[Annotator "RC"]
[PlyCount "88"]
[EventDate "2023.12.04"]
[EventType "swiss"]
[EventCountry "ESP"]
[SourceTitle "playchess.com"]
[Source "ChessBase"]
[SourceQuality "1"]
[TimeControl "5400+30"]

1. e4 d6 2. d4 Nd7 3. Nc3 a6 4. f4 e5 5. Nf3 Ngf6 6. Bc4 b5 7. Bxf7+ Kxf7 8. dxe5 dxe5 9. fxe5 Bc5 10. Ng5+ Kg6 11. Ne6 Qe7 12. Nd5 Nxd5 13. Qxd5 h6 14. Nf4+ Kh7 15. Qxa8 Nxe5 16. Bd2 Nc4 17. Qc6 Rd8 18. Qg6+ Kg8 19. Bc3 Rd6 20. Qxg7+ Qxg7 21. Bxg7 Kxg7 22. Rd1 Nxb2 23. Rxd6 Bxd6 24. O-O Nc4 25. Nh5+ Kg6 26. Nf4+ Kh7 27. Nd5 Kg7 28. Rf3 Bg4 29. Rd3 Be2 30. Rh3 Bd1 31. c3 Bc2 32. Rh4 Be5 33. Rg4+ Kh7 34. h3 a5 35. Ne7 a4 36. Ng6 Bg7 37. h4 Ne5 38. Nxe5 Bxe5 39. h5 Bxc3 40. Rf4 b4 41. Rf7+ Kg8 42. Rxc7 Bd4+ 43. Kh1 b3 44. axb3 axb3 0-1

[Event "Centenario Panaderia Pulido 2023"]
[Site "San Mateo Gran Canaria"]
[Date "2023.12.08"]
[Round "7.6"]
[White "Garbezza, Davide"]
[Black "Estremera Panos, Sergio"]
[Result "0-1"]
[ECO "A06"]
[WhiteElo "1860"]
[BlackElo "2232"]
[Annotator "RC"]
[PlyCount "76"]
[EventDate "2023.12.04"]
[EventType "swiss"]
[EventCountry "ESP"]
[SourceTitle "playchess.com"]
[Source "ChessBase"]
[SourceQuality "1"]
[TimeControl "5400+30"]

1. Nf3 d5 2. b3 c5 3. e3 a6 4. Bb2 Nc6 5. d4 cxd4 6. exd4 Bg4 7. Nbd2 Qa5 8. a3 g6 9. h3 Bxf3 10. Qxf3 Bg7 11. Qd3 Nh6 12. g4 e5 13. b4 Qc7 14. dxe5 Nxe5 15. Qb3 O-O 16. O-O-O Rac8 17. f4 Nd7 18. Bxg7 Kxg7 19. f5 Qe5 20. Qb2 f6 21. Qxe5 fxe5 22. Bg2 Nb6 23. Nf3 Nf7 24. fxg6 hxg6 25. h4 Rc4 26. Bh3 Rfc8 27. Rd2 Rc3 28. g5 R8c4 29. Bg2 Rxa3 30. Kb2 Re3 31. h5 Rxb4+ 32. Kc1 gxh5 33. Nh4 Ra3 34. Nf5+ Kg6 35. Rf2 Ra1+ 36. Kd2 Rxh1 37. Bxh1 Kxg5 38. Ne7 Nd6 0-1

[Event "Centenario Panaderia Pulido 2023"]
[Site "San Mateo Gran Canaria"]
[Date "2023.12.08"]
[Round "7.7"]
[White "Hernandez Leon, Sergio"]
[Black "Ramos Santana, Marcelino"]
[Result "1-0"]
[ECO "B23"]
[WhiteElo "2167"]
[BlackElo "1830"]
[Annotator "RC"]
[PlyCount "99"]
[EventDate "2023.12.04"]
[EventType "swiss"]
[EventCountry "ESP"]
[SourceTitle "playchess.com"]
[Source "ChessBase"]
[SourceQuality "1"]
[TimeControl "5400+30"]

1. e4 c5 2. Nc3 g6 3. Bc4 Nc6 4. d3 Bg7 5. a3 a6 6. Ba2 e6 7. Nge2 Nge7 8. Be3 b6 9. d4 cxd4 10. Nxd4 O-O 11. Qd2 Qc7 12. Nde2 Bb7 13. Rd1 Rad8 14. Qd6 Qxd6 15. Rxd6 Nc8 16. Rd2 d6 17. O-O b5 18. Rfd1 Rd7 19. Nd4 Nxd4 20. Bxd4 Rfd8 21. f4 Bxd4+ 22. Rxd4 Kf8 23. f5 Ke7 24. Rf1 Na7 25. Rd3 Nc6 26. fxe6 fxe6 27. Rh3 Rh8 28. Rhf3 Ne5 29. Rf6 d5 30. exd5 Bxd5 31. Bxd5 exd5 32. Rxa6 Nc4 33. b3 Ne3 34. Re1 d4 35. Nxb5 Kf7 36. Nxd4 Rxd4 37. Rxe3 Rd2 38. Ra7+ Kf6 39. Rc7 Kg5 40. h4+ Kg4 41. Rc4+ Kh5 42. Re5+ Kh6 43. Rc7 Rf8 44. Ree7 Kh5 45. Rxh7+ Kg4 46. Rhf7 Rh8 47. Rc4+ Kh5 48. Kh2 Kh6 49. Rcc7 Kh5 50. Kh3 1-0

[Event "Centenario Panaderia Pulido 2023"]
[Site "San Mateo Gran Canaria"]
[Date "2023.12.08"]
[Round "7.8"]
[White "Camino Carrio, Nicanor"]
[Black "Moreno Diepa, Diego"]
[Result "0-1"]
[ECO "C02"]
[WhiteElo "1948"]
[BlackElo "2138"]
[Annotator "RC"]
[PlyCount "72"]
[EventDate "2023.12.04"]
[EventType "swiss"]
[EventCountry "ESP"]
[SourceTitle "playchess.com"]
[Source "ChessBase"]
[SourceQuality "1"]
[TimeControl "5400+30"]

1. e4 e6 2. d4 d5 3. e5 c5 4. c3 Nc6 5. Nf3 Bd7 6. Be2 Nge7 7. O-O cxd4 8. cxd4 Nf5 9. Na3 Be7 10. Nc2 Qb6 11. g4 Nh4 12. Nxh4 Bxh4 13. Kh1 Be7 14. Rb1 a5 15. Be3 Rc8 16. Ne1 a4 17. g5 g6 18. Nd3 Nb4 19. Nc5 Bxc5 20. dxc5 Qc7 21. a3 Nc6 22. Bb5 d4 23. Bf4 Ra8 24. Bxa4 Ne7 25. Bxd7+ Qxd7 26. Qf3 O-O 27. Rfd1 Rfc8 28. b4 Nf5 29. Bc1 Qb5 30. Bb2 Rd8 31. Rbc1 Rd5 32. Qd3 Qd7 33. b5 Rc8 34. a4 Rxe5 35. Ba3 Qd5+ 36. f3 Re3 0-1

[Event "Centenario Panaderia Pulido 2023"]
[Site "San Mateo Gran Canaria"]
[Date "2023.12.08"]
[Round "7.9"]
[White "Marrero Cardenes, Agustin"]
[Black "Bergero, Simone"]
[Result "1-0"]
[ECO "A30"]
[WhiteElo "2106"]
[BlackElo "2010"]
[Annotator "RC"]
[PlyCount "85"]
[EventDate "2023.12.04"]
[EventType "swiss"]
[EventCountry "ESP"]
[SourceTitle "playchess.com"]
[Source "ChessBase"]
[SourceQuality "1"]
[TimeControl "5400+30"]

1. Nf3 Nf6 2. b3 d5 3. Bb2 c5 4. e3 Nc6 5. Be2 g6 6. O-O Bg7 7. c4 O-O 8. d3 d4 9. exd4 cxd4 10. Nbd2 a5 11. a3 e5 12. Re1 Nd7 13. Bf1 f5 14. Qb1 g5 15. Rd1 g4 16. Ne1 Qg5 17. Be2 Nc5 18. b4 Ne6 19. Nf1 Nf4 20. Rd2 Rf6 21. Bc1 axb4 22. axb4 Rxa1 23. Qxa1 Nxb4 24. Rb2 Ra6 25. Qb1 Nc6 26. Bd1 Qe7 27. Rb5 Ne6 28. Ng3 Nc5 29. Bc2 e4 30. Rxc5 Qxc5 31. dxe4 Qb4 32. Bb2 Rb6 33. Nd3 Qxc4 34. exf5 Ne5 35. Nxe5 Bxe5 36. Qc1 Kf7 37. f6 Bxg3 38. Bg6+ Kxg6 39. Qxc4 Be6 40. Qxd4 Rd6 41. Qe4+ Bf5 42. Qe8+ Kg5 43. hxg3 1-0

[Event "Centenario Panaderia Pulido 2023"]
[Site "San Mateo Gran Canaria"]
[Date "2023.12.08"]
[Round "7.10"]
[White "Guerrero Orihuela, Jose Luis"]
[Black "Uzcategui Rodriguez, Alejandro"]
[Result "0-1"]
[ECO "A80"]
[WhiteElo "1901"]
[BlackElo "2235"]
[Annotator "RC"]
[PlyCount "52"]
[EventDate "2023.12.04"]
[EventType "swiss"]
[EventCountry "ESP"]
[SourceTitle "playchess.com"]
[Source "ChessBase"]
[SourceQuality "1"]
[TimeControl "5400+30"]

1. d4 d6 2. Nf3 f5 3. Bf4 Nf6 4. Nc3 g6 5. h4 Bg7 6. e3 e6 7. Bd3 O-O 8. Nh2 Qe8 9. g4 e5 10. dxe5 dxe5 11. Bg5 Nxg4 12. Nxg4 fxg4 13. Nd5 Qf7 14. Qe2 Nc6 15. h5 gxh5 16. c4 e4 17. Bxe4 Bf5 18. Bxf5 Qxf5 19. Bf4 Rae8 20. O-O-O Nb4 21. Nxb4 Qxf4 22. Rd2 Qf5 23. Nd5 c6 24. Nf4 Qe4 25. Re1 Rf5 26. Kd1 Qb1# 0-1

[Event "Centenario Panaderia Pulido 2023"]
[Site "San Mateo Gran Canaria"]
[Date "2023.12.08"]
[Round "7.11"]
[White "Rivero Reyes, Alejandro"]
[Black "Hernandez Leon, Alberto"]
[Result "0-1"]
[ECO "B56"]
[WhiteElo "1689"]
[BlackElo "2209"]
[Annotator "RC"]
[PlyCount "42"]
[EventDate "2023.12.04"]
[EventType "swiss"]
[EventCountry "ESP"]
[SourceTitle "playchess.com"]
[Source "ChessBase"]
[SourceQuality "1"]
[TimeControl "5400+30"]

1. e4 c5 2. Nf3 d6 3. d4 cxd4 4. Nxd4 e5 5. Bb5+ Bd7 6. Bxd7+ Qxd7 7. Nf5 Nf6 8. Nc3 Nxe4 9. Nxe4 Qxf5 10. Nxd6+ Bxd6 11. Qxd6 Nc6 12. Be3 Qxc2 13. O-O Rd8 14. Qa3 Qd3 15. b3 f6 16. g3 Kf7 17. Rfd1 Qe2 18. Rd6 h5 19. h4 Kg6 20. Rad1 Nd4 21. R1xd4 exd4 0-1

[Event "Centenario Panaderia Pulido 2023"]
[Site "San Mateo Gran Canaria"]
[Date "2023.12.08"]
[Round "7.12"]
[White "Mamani Beltran, Deniman"]
[Black "Garcia Rodriguez, Adriana"]
[Result "1/2-1/2"]
[ECO "B20"]
[WhiteElo "2151"]
[BlackElo "1659"]
[Annotator "RC"]
[PlyCount "34"]
[EventDate "2023.12.04"]
[EventType "swiss"]
[EventCountry "ESP"]
[SourceTitle "playchess.com"]
[Source "ChessBase"]
[SourceQuality "1"]
[TimeControl "5400+30"]

1. e4 e6 2. b3 d5 3. Bb2 c5 4. Nc3 Nc6 5. Nf3 d4 6. Nb1 Nf6 7. e5 Nd5 8. Bb5 Bd7 9. Bc4 Nf4 10. O-O a6 11. g3 Ng6 12. Re1 Qc7 13. Qe2 Nb4 14. Na3 b5 15. c3 bxc4 16. cxb4 c3 17. Bc1 Bc8 1/2-1/2

[Event "Centenario Panaderia Pulido 2023"]
[Site "San Mateo Gran Canaria"]
[Date "2023.12.08"]
[Round "7.13"]
[White "Quevedo Olivares, Carlos Tomas"]
[Black "Medina Martin, Alberto"]
[Result "0-1"]
[ECO "C02"]
[WhiteElo "1555"]
[BlackElo "2105"]
[Annotator "RC"]
[PlyCount "101"]
[EventDate "2023.12.04"]
[EventType "swiss"]
[EventCountry "ESP"]
[SourceTitle "playchess.com"]
[Source "ChessBase"]
[SourceQuality "1"]
[TimeControl "5400+30"]

1. e4 e6 2. d4 d5 3. e5 c5 4. c3 Nc6 5. Nf3 Bd7 6. Bd3 cxd4 7. O-O dxc3 8. Nxc3 Nge7 9. Bg5 Qb8 10. Re1 Ng6 11. Rc1 a6 12. a3 Be7 13. Bxe7 Ncxe7 14. h4 Nc6 15. Qb3 b5 16. Nxd5 exd5 17. e6 fxe6 18. Bxg6+ hxg6 19. Rxc6 Bxc6 20. Rxe6+ Kd7 21. Rxg6 Qe8 22. Qc3 Qxg6 23. Ne5+ Kd6 24. Qxc6+ Kxe5 25. Qxg6 Rhg8 26. Qg5+ Kd6 27. Qf4+ Kc6 28. g4 Rad8 29. Qd4 Rd7 30. a4 Rb8 31. f4 bxa4 32. Qxa4+ Kc7 33. Qa5+ Rb6 34. Qc3+ Rc6 35. Qd4 Kb7 36. f5 Rc4 37. Qd1 Kc6 38. b3 Rb4 39. Qf3 Re4 40. f6 gxf6 41. Qxf6+ Rd6 42. Qf5 Rde6 43. h5 Kd6 44. Qf3 d4 45. g5 Re3 46. Qf4+ Kd5 47. Qf5+ R6e5 48. Qf7+ Ke4 49. Qh7+ Kf4 50. g6 Re1+ 51. Kg2 0-1

[Event "Centenario Panaderia Pulido 2023"]
[Site "San Mateo Gran Canaria"]
[Date "2023.12.08"]
[Round "7.14"]
[White "Almenares Garcia, Mario Adrian"]
[Black "Gonzalez Martinez, Miguel Angel"]
[Result "0-1"]
[ECO "A22"]
[WhiteElo "2000"]
[BlackElo "2158"]
[Annotator "RC"]
[PlyCount "86"]
[EventDate "2023.12.04"]
[EventType "swiss"]
[EventCountry "ESP"]
[SourceTitle "playchess.com"]
[Source "ChessBase"]
[SourceQuality "1"]
[TimeControl "5400+30"]

1. d4 d6 2. c4 e5 3. e3 c6 4. Nc3 Qc7 5. Nf3 Nf6 6. Be2 Be7 7. O-O a5 8. b3 h6 9. Bb2 Bf5 10. Rc1 O-O 11. c5 dxc5 12. Nxe5 Nbd7 13. Na4 Nxe5 14. dxe5 Rfd8 15. Qe1 Nd7 16. f4 b5 17. Nc3 Nf8 18. e4 Bh7 19. Nd1 Bxe4 20. Bg4 Bd3 21. Rf3 c4 22. Kh1 Bb4 23. Nc3 Bxc3 24. Rxc3 b4 25. Rxc4 Bxc4 26. bxc4 Qe7 27. h3 Ne6 28. Bxe6 Qxe6 29. Qc1 Qd7 30. Rf1 Qd2 31. Qb1 Qe2 32. Re1 Qxc4 33. e6 fxe6 34. Qg6 Ra7 35. Re4 Qxa2 36. Bd4 Rxd4 37. f5 Rd8 38. Rxe6 Rf7 39. Kh2 Qc2 40. Re5 b3 41. Qe6 b2 42. f6 b1=Q 43. fxg7 Qbb2 0-1

[Event "Centenario Panaderia Pulido 2023"]
[Site "San Mateo Gran Canaria"]
[Date "2023.12.08"]
[Round "7.15"]
[White "Cruz Pino, Adrian"]
[Black "Rivero Tacoronte, Gabriel"]
[Result "0-1"]
[ECO "A11"]
[WhiteElo "2048"]
[BlackElo "1695"]
[Annotator "NA RC"]
[PlyCount "44"]
[EventDate "2023.12.04"]
[EventType "swiss"]
[EventCountry "ESP"]
[SourceTitle "playchess.com"]
[Source "ChessBase"]
[SourceQuality "1"]
[TimeControl "5400+30"]

1. c4 c6 2. Nf3 d5 3. e3 Nf6 4. Nc3 Bf5 5. Qb3 Qb6 6. Qa4 Na6 7. cxd5 Nb4 8. Nd4 Bd7 9. dxc6 bxc6 10. Qd1 e5 11. Nc2 Bf5 12. Nxb4 Bxb4 13. Bc4 O-O 14. d3 Rad8 15. Qc2 Qc5 16. Qe2 Bxc3+ 17. bxc3 Bxd3 18. Bxd3 Qxc3+ 19. Qd2 Qxa1 20. O-O e4 21. Ba3 Qe5 22. Bxf8 Kxf8 0-1

[Event "Centenario Panaderia Pulido 2023"]
[Site "San Mateo Gran Canaria"]
[Date "2023.12.08"]
[Round "8.1"]
[White "Korneev, Oleg"]
[Black "Doluhanova, Evgeniya"]
[Result "1/2-1/2"]
[ECO "C67"]
[WhiteElo "2470"]
[BlackElo "2177"]
[Annotator "RC"]
[PlyCount "75"]
[EventDate "2023.12.04"]
[EventType "swiss"]
[EventCountry "ESP"]
[SourceTitle "playchess.com"]
[Source "ChessBase"]
[SourceQuality "1"]
[TimeControl "5400+30"]

1. e4 e5 2. Nf3 Nc6 3. Bb5 Nf6 4. O-O Nxe4 5. d4 Nd6 6. Bxc6 dxc6 7. dxe5 Nf5 8. Qxd8+ Kxd8 9. h3 Be7 10. Nc3 Nh4 11. Nxh4 Bxh4 12. Be3 Ke8 13. Rad1 b6 14. Ne2 c5 15. Nf4 Bf5 16. c4 h5 17. f3 Rd8 18. g4 Rxd1 19. Rxd1 hxg4 20. hxg4 Bc8 21. Kg2 Be7 22. b3 Bb7 23. Nd5 Bd8 24. Bf4 Rf8 25. a4 Bc6 26. Bg3 Rh8 27. Bf4 Rf8 28. Rh1 Kd7 29. Bg3 Bxd5 30. cxd5 c6 31. dxc6+ Kxc6 32. f4 g6 33. Kf3 a6 34. Ke4 b5 35. axb5+ Kxb5 36. Rd1 Bc7 37. f5 gxf5+ 38. gxf5 1/2-1/2

[Event "Centenario Panaderia Pulido 2023"]
[Site "San Mateo Gran Canaria"]
[Date "2023.12.08"]
[Round "8.2"]
[White "Strikovic, Aleksa"]
[Black "Oudeh Mishmesh, Omar"]
[Result "1/2-1/2"]
[ECO "A28"]
[WhiteElo "2455"]
[BlackElo "2247"]
[Annotator "RC"]
[PlyCount "104"]
[EventDate "2023.12.04"]
[EventType "swiss"]
[EventCountry "ESP"]
[SourceTitle "playchess.com"]
[Source "ChessBase"]
[SourceQuality "1"]
[TimeControl "5400+30"]

1. c4 e5 2. Nc3 Nf6 3. Nf3 Nc6 4. d4 exd4 5. Nxd4 Bb4 6. g3 Bxc3+ 7. bxc3 Na5 8. Qd3 O-O 9. Bg2 d6 10. Nb3 Nc6 11. c5 Ne5 12. Qd4 Re8 13. O-O d5 14. Rd1 c6 15. Bf4 Ng6 16. Bg5 Ne5 17. c4 Bg4 18. cxd5 Bxe2 19. Re1 Nf3+ 20. Bxf3 Bxf3 21. d6 Bd5 22. f3 b6 23. Rxe8+ Qxe8 24. Kf2 Qe6 25. Re1 Qf5 26. Qf4 Qxf4 27. Bxf4 Nd7 28. Re7 Rd8 29. Be3 Bxb3 30. axb3 Nxc5 31. Bxc5 bxc5 32. Rc7 Kf8 33. Rxc6 Ke8 34. Ra6 Rb8 35. Rxa7 Rxb3 36. Re7+ Kf8 37. Rc7 Ke8 38. Rxc5 Rd3 39. Rc8+ Kd7 40. Rg8 g6 41. Rg7 Ke6 42. Rxh7 Rxd6 43. h4 Rd2+ 44. Ke3 Ra2 45. g4 Ra4 46. Rh8 Kf6 47. Rh7 Rb4 48. h5 gxh5 49. Rxh5 Kg6 50. Rd5 f6 51. Rd4 Rxd4 52. Kxd4 f5 1/2-1/2

[Event "Centenario Panaderia Pulido 2023"]
[Site "San Mateo Gran Canaria"]
[Date "2023.12.08"]
[Round "8.3"]
[White "Moreno Diepa, Diego"]
[Black "Kurajica, Bojan"]
[Result "1/2-1/2"]
[ECO "B28"]
[WhiteElo "2138"]
[BlackElo "2446"]
[Annotator "RC"]
[PlyCount "37"]
[EventDate "2023.12.04"]
[EventType "swiss"]
[EventCountry "ESP"]
[SourceTitle "playchess.com"]
[Source "ChessBase"]
[SourceQuality "1"]
[TimeControl "5400+30"]

1. e4 c5 2. Nf3 a6 3. d4 cxd4 4. Nxd4 Nf6 5. Bd3 e5 6. Nb3 d5 7. exd5 Qxd5 8. O-O Be7 9. Nc3 Qd8 10. Qe1 Nc6 11. Bg5 Be6 12. Rd1 Nd7 13. Bxe7 Qxe7 14. Qe2 O-O 15. Bc4 Rac8 16. Bxe6 Qxe6 17. Nd5 Rfe8 18. c3 f5 19. Qc4 1/2-1/2

[Event "Centenario Panaderia Pulido 2023"]
[Site "San Mateo Gran Canaria"]
[Date "2023.12.08"]
[Round "8.4"]
[White "Hernando Rodrigo, Jose Maria"]
[Black "Larino Nieto, David"]
[Result "0-1"]
[ECO "B27"]
[WhiteElo "2278"]
[BlackElo "2366"]
[Annotator "RC"]
[PlyCount "42"]
[EventDate "2023.12.04"]
[EventType "swiss"]
[EventCountry "ESP"]
[SourceTitle "playchess.com"]
[Source "ChessBase"]
[SourceQuality "1"]
[TimeControl "5400+30"]

1. d4 e6 2. Nf3 b6 3. e4 Bb7 4. Bd3 c5 5. O-O cxd4 6. Nxd4 Nc6 7. Be3 Nf6 8. Nc3 h5 9. Nxc6 Bxc6 10. Bg5 Qb8 11. Bxf6 gxf6 12. Re1 Qe5 13. Qe2 Bd6 14. g3 h4 15. Bb5 Bb7 16. Rad1 a6 17. Qd3 hxg3 18. hxg3 Bc5 19. Kg2 Qf5 20. Bxd7+ Ke7 21. Qf3 Rh2+ 0-1

[Event "Centenario Panaderia Pulido 2023"]
[Site "San Mateo Gran Canaria"]
[Date "2023.12.08"]
[Round "8.5"]
[White "Yao, Stefano"]
[Black "Marrero Cardenes, Agustin"]
[Result "1-0"]
[ECO "D65"]
[WhiteElo "2288"]
[BlackElo "2106"]
[Annotator "RC"]
[PlyCount "145"]
[EventDate "2023.12.04"]
[EventType "swiss"]
[EventCountry "ESP"]
[SourceTitle "playchess.com"]
[Source "ChessBase"]
[SourceQuality "1"]
[TimeControl "5400+30"]

1. d4 Nf6 2. c4 e6 3. Nc3 d5 4. Bg5 Be7 5. e3 Nbd7 6. Nf3 O-O 7. Rc1 a6 8. cxd5 exd5 9. Bd3 c6 10. Qc2 Re8 11. O-O h6 12. Bf4 Nf8 13. h3 Bd6 14. Rfe1 Bxf4 15. exf4 Rxe1+ 16. Rxe1 Ne8 17. Ne2 Nd6 18. Ng3 Bd7 19. Re5 f6 20. Re3 Qc7 21. f5 Re8 22. Nh5 Rxe3 23. fxe3 Be8 24. Nf4 Qe7 25. Kf2 Bf7 26. b3 Nd7 27. Nd2 Nb6 28. g4 Nd7 29. Nf3 Qe8 30. h4 Qe7 31. Nh3 Qe8 32. Nf4 Qe7 33. Qc1 Nf8 34. Ke2 Qe8 35. Qg1 Nh7 36. Nd2 Qe7 37. Qg3 Nf8 38. Qg2 Nd7 39. Kf2 Nf8 40. Nh3 Nh7 41. Qg3 Qd8 42. Ke2 a5 43. Qf4 Qe7 44. Nf3 b5 45. Kf2 Ne4+ 46. Bxe4 dxe4 47. Nd2 Bd5 48. Kg3 a4 49. Qb8+ Nf8 50. Nf4 Qb4 51. Ng6 a3 52. Kf4 Kf7 53. Qc7+ Kg8 54. Qd8 Bf7 55. Qxf8+ Qxf8 56. Nxf8 Kxf8 57. Kxe4 Ke7 58. Kd3 b4 59. e4 Kd7 60. Nc4 Kc7 61. Ne3 Kd6 62. Nc4+ Kc7 63. e5 Bd5 64. Ne3 Kd7 65. e6+ Ke7 66. Nc2 Bf3 67. Nxb4 Bxg4 68. Ke4 Bd1 69. Nxc6+ Kd6 70. Nb4 h5 71. Ke3 g5 72. fxg6 Kxe6 73. d5+ 1-0